 Dungeon Crawl Stone Soup version 0.31-a0-188-g5e087ee2ca (webtiles) character file.

Game seed: 14179338225277758880

87 qw the Shooter (level 4, 0/25 HPs)
             Began as a Deep Elf Hunter on June 22, 2023.
             Slain by Grinder (4 damage)
             ... while paralysed by Grinder
             ... on level 3 of the Dungeon.
             The game lasted 00:00:29 (1061 turns).

qw the Shooter (Deep Elf Hunter)                    Turns: 1061, Time: 00:00:30

Health: 0/25       AC:  4    Str: 10    XL:     4   Next: 28%
Magic:  6/6        EV:  2    Int: 14    God:
Gold:   66         SH:  0    Dex: 18    Spells: 3/3 levels left

rFire   + . .        Y - +0 shortbow
rCold   . . .        (shield currently unavailable)
rNeg    . . .        e - +2 robe {rF+}
rPois   .            (no helmet)
rElec   .            (no cloak)
rCorr   .            (no gloves)
SInv    .            (no boots)
Will    .....        (no amulet)
Stlth   ++           (no ring)
HPRegen 0.24/turn    (no ring)
MPRegen 0.10/turn

%: no passive effects
@: paralysed
A: no striking features
a: no special abilities


You were on level 3 of the Dungeon.
You visited 1 branch of the dungeon, and saw 3 of its levels.

You collected 66 gold pieces.


   Skills:
 - Level 1.5 Fighting
 + Level 7.7 Ranged Weapons
 - Level 2.4 Dodging
 - Level 1.2 Stealth


You had 3 spell levels left.
You didn't know any spells.
Your spell library was empty.

Inventory:

Hand Weapons
 Y - a +0 shortbow (weapon)
Armour
 e - a +2 robe of fire resistance (worn)
Scrolls
 a - a scroll of identify
Potions
 d - a potion of enlightenment
 g - a potion of haste {unknown}
 i - a potion of ambrosia {unknown}
 k - a potion of curing {unknown}

Dungeon Overview and Level Annotations

Branches:
Dungeon (3/15)

Altars:
Cheibriados

Annotations:
D:3 Grinder


Message History

You suddenly lose the ability to move!
A frilled lizard comes into view.
Grinder blinks!
You can move again.
1046 ||| FLEEEEING.
1047 ||| STILL FLEEEEING.
1048 ||| STILL FLEEEEING.
1049 ||| STILL FLEEEEING.
You shoot an arrow. The arrow barely misses Grinder.
You shoot an arrow. The arrow hits Grinder.
Grinder is lightly wounded.
You shoot an arrow.
The arrow hits Grinder but does no damage.
Grinder is lightly wounded.
You shoot an arrow. The frilled lizard hisses angrily.
The arrow hits Grinder but does no damage.
Grinder is lightly wounded.
Grinder gestures at you. You resist with significant effort.
You shoot an arrow. The arrow barely misses Grinder.
Grinder gestures at you. Pain shoots through your body!
You shoot an arrow. The arrow closely misses Grinder.
You shoot an arrow. The arrow hits Grinder.
Grinder is lightly wounded.
You shoot an arrow. The arrow hits Grinder.
Grinder is lightly wounded.
You shoot an arrow. The arrow barely misses Grinder.
The arrow closely misses the frilled lizard.
Grinder hits you.
You writhe in agony.
The frilled lizard unfolds its giant frill.
You shoot an arrow. The arrow closely misses Grinder.
Grinder closely misses you. The frilled lizard barely misses you.
You shoot an arrow. The arrow barely misses Grinder.
Grinder gestures at you.
You suddenly lose the ability to move!
The frilled lizard bites you but does no damage.
Grinder hits you.
You writhe in agony.
You die...

########## #..(.....#
#........# #........####
#...%.......# #...@.......#
#..l5.......##
#############............####
..%..........(...............
###########.......##.....###
#).%....##.....#####
#.....####....<....# #.....#
#=#######.# #.....# #......<#


You could see Grinder and a frilled lizard.

Vanquished Creatures
  Jessica (D:2)
  2 adders (D:2)
  2 dart slugs
  A worm (D:2)
  6 bats
  5 endoplasms
  3 goblins
  4 hobgoblins
  A quokka (D:3)
  4 ball pythons (D:3)
  4 frilled lizards
  A kobold (D:1)
  3 rats (D:1)
37 creatures vanquished.

Notes
Turn   | Place    | Note
-------+----------+-------------------------------------------
     0 | D:1      | qw the Deep Elf Hunter began the quest for the Orb.
     0 | D:1      | Reached XP level 1. HP: 12/12 MP: 3/3
     0 | D:1      | 0 ||| qw: Version: 0.3-a-9-g12657ce
     0 | D:1      | 0 ||| qw: Game counter: 2815
     0 | D:1      | 0 ||| qw: Always use a shield: true
     0 | D:1      | 0 ||| qw: God list: Okawaru
     0 | D:1      | 0 ||| qw: Allow faded altars: false
     0 | D:1      | 0 ||| qw: Do Orc after D:15 true
     0 | D:1      | 0 ||| qw: Do second Lair branch before Depths: true
     0 | D:1      | 0 ||| qw: Lair rune preference: random
     0 | D:1      | 0 ||| qw: Plans: Normal
     0 | D:1      | 0 ||| PLANNING D:1-11
    69 | D:1      | Reached skill level 6 in Ranged Weapons
    69 | D:1      | Reached XP level 2. HP: 16/16 MP: 4/4
   569 | D:1      | 569 ||| READING 3 scrolls labelled WASCHU XINNOCH.
   570 | D:1      | 570 ||| READING scroll labelled JITICK PAYTE.
   571 | D:1      | 571 ||| READING scroll labelled KAYSMI PUFOJIW.
   672 | D:1      | 672 ||| READING 2 scrolls labelled SIEVVE OCOOPP.
   673 | D:1      | 673 ||| READING scroll labelled PAOLIN DETA.
   674 | D:1      | 674 ||| READING 2 scrolls of identify.
   674 | D:1      | 674 ||| IDENTIFYING bubbling purple potion
   675 | D:1      | 675 ||| DROPPING scroll of butterflies.
   676 | D:1      | 676 ||| DROPPING scroll of fog.
   710 | D:2      | HP: 3/16 [adder (4)]
   712 | D:2      | Reached XP level 3. HP: 3/20 MP: 5/5
   712 | D:2      | 712 ||| FLEEEEING.
   713 | D:2      | 713 ||| FLEEEEING.
   714 | D:2      | 714 ||| FLEEEEING.
   715 | D:2      | 715 ||| FLEEEEING.
   717 | D:2      | 717 ||| STAIRDANCE
   878 | D:2      | Reached skill level 7 in Ranged Weapons
   904 | D:2      | Noticed Jessica
   908 | D:2      | Killed Jessica
   909 | D:2      | Reached XP level 4. HP: 25/25 MP: 6/6
   924 | D:2      | You fall into a shaft and drop 1 floor!
   979 | D:3      | 979 ||| UPGRADING to +2 robe of fire resistance.
   989 | D:3      | 989 ||| DROPPING +0 leather armour.
   990 | D:3      | 990 ||| DROPPING ring of wizardry.
   991 | D:3      | 991 ||| READING scroll labelled PUMUHUFECE.
  1005 | D:3      | 1005 ||| READING scroll labelled JIMEYD HUREKUAPE.
  1012 | D:3      | Found a snail-covered altar of Cheibriados.
  1042 | D:3      | Noticed Grinder
  1043 | D:3      | Paralysed by Grinder for 3 turns
  1046 | D:3      | 1046 ||| FLEEEEING.
  1058 | D:3      | HP: 5/25 [Grinder (5)]
  1060 | D:3      | Paralysed by Grinder for 2 turns
  1061 | D:3      | Slain by Grinder

Levels and vault maps discovered:
D:1:      minmay_arrival_jagged, layout_rooms, roderic_serpentine_path,
          serial_bayou_pond_b
D:2:      layout_basic, grunt_ministairs_13, uniq_crazy_yiuf_cottage,
          uniq_sigmund, uniq_jessica
D:3:      layout_basic, mainiacjoe_overflow_cross_hatched, minitemple,
          st_stairs_2, uniq_grinder

Skill      XL: |  1  2  3 |
---------------+----------+-----
Ranged Weapons | 6 7 |  7.7
Fighting       | |  1.5
Dodging        | |  2.4
Stealth        | |  1.2

Action                     |  1- 3 |  4- 6 || total
---------------------------+-------+-------++-------
   Fire: Shortbow          |    67 |    38 ||   105
    Use: Scroll            |     6 |     2 ||     8
 Armour: Leather armour    |     1 |       ||     1
         Robe              |       |     2 ||     2
  Dodge: Dodged            |     7 |     4 ||    11

Table legend:
 A = Non-vault XP
 B = Vault XP
 C = Vault XP percentage of total XP
 D = Non-vault monster count
 E = Vault monster count
 F = Vault count percentage of total count
                 A         B        C        D         E       F
            +---------+---------+-------+---------+---------+-------
      Total |      86 |      39 |  31.2 |      35 |       2 |   5.4
            +---------+---------+-------+---------+---------+-------
        D:1 |      29 |       2 |   6.5 |      17 |       1 |   5.6
        D:2 |      43 |      37 |  46.2 |       9 |       1 |  10.0
        D:3 |      14 |       0 |   0.0 |       9 |       0 |   0.0
            +---------+---------+-------+---------+---------+-------
